 Dungeon Crawl Stone Soup version 0.27.1-33-g824d729ab1 (webtiles) character file.

Game seed: 9969624936429467150

181 jiml777 the Shield-Bearer (level 5, 0/33 HPs)
             Began as a Gargoyle Fighter on Dec 10, 2021.
             Slain by Eustachio (4 damage)
             ... on level 4 of the Dungeon.
             The game lasted 00:08:16 (2745 turns).

jiml777 the Shield-Bearer (Gargoyle Fighter)        Turns: 2745, Time: 00:08:17

Health: 0/33       AC: 17    Str: 20      XL:     5   Next: 61%
Magic:  5/5        EV:  5    Int:  9      God:
Gold:   77         SH:  9    Dex:  7 (9)  Spells: 4/4 levels left

rFire    . . .     SeeInvis .   a - +0 war axe
rCold    . . .     Faith    .   c - +0 kite shield
rNeg     + . .     Spirit   .   n - +0 chain mail
rPois    ∞         Reflect  .   i - +0 helmet
rElec    +         Harm     .   (no cloak)
rCorr    .         Rampage  .   q - +0 pair of gloves
Will     .....                  k - +0 pair of boots
Stlth    ..........             (no amulet)
HPRegen  0.11/turn              (no ring)
MPRegen  0.09/turn              (no ring)

@: no status effects
A: sickness immunity, AC +4, negative energy resistance 1, electricity
resistance, torment resistance 1, petrification resistance
a: no special abilities


You were on level 4 of the Dungeon.
You visited 1 branch of the dungeon, and saw 4 of its levels.

You collected 77 gold pieces.

Inventory:

Hand Weapons
 a - a +0 war axe (weapon)
Missiles
 f - 83 stones (quivered)
 h - 19 sling bullets
Armour
 b - a +0 scale mail
 c - a +0 kite shield (worn)
 i - a +0 helmet (worn)
 k - a +0 pair of boots (worn)
 n - a +0 chain mail (worn)
 q - a +0 pair of gloves (worn)
Wands
 x - a wand of flame (23)
Scrolls
 e - a scroll of fog {unknown}
 g - a scroll of identify {unknown}
 l - a scroll of amnesia {unknown}
 o - a scroll of summoning {unknown}
 p - a scroll of enchant armour {unknown}
 r - a scroll of immolation {unknown}
 t - a scroll of enchant weapon {unknown}
Potions
 d - 2 potions of might
 j - a potion of attraction {unknown}
 m - 2 potions of degeneration {unknown}
 s - a potion of curing {unknown}
 u - 2 potions of haste
 v - a potion of flight {unknown}
 w - a potion of brilliance {unknown}


   Skills:
 + Level 3.8 Fighting
 + Level 3.3 Axes
 + Level 4.3 Armour
 + Level 0.3 Dodging
 - Level 0.1 Stealth
 + Level 4.4 Shields
 * Level 0.1 Evocations


You had 4 spell levels left.
You didn't know any spells.
Your spell library contained the following spells:

 Spells                   Type           Power      Damage    Failure   Level
 Slow                     Hex            0%         N/A       100%        2
 Confusing Touch          Hex            0%         N/A       100%        3
 Yara's Violent Unravell  Hex/Tmut       0%         3d3       100%        5


Dungeon Overview and Level Annotations

Branches:
Dungeon (4/15)
 Temple: D:4-7

Altars:
Yredelemnul

Shops:
D:1 (

Annotations:
D:4 Eustachio


Innate Abilities, Weirdness & Mutations

You are immune to sickness and miasma.
Your stone body is resilient. (AC +4)
You are immune to poison.
You resist negative energy. (rN+)
You are resistant to electric shocks. (rElec)
You are resistant to unholy torment.
You are immune to petrification.


Message History

The shadow imp gestures at you.
You barely resist.
The shadow imp disappears in a puff of smoke!
Eustachio barely misses you.
You closely miss Eustachio.
Eustachio is moderately wounded.
Eustachio says, "My allies will avenge me."
Eustachio gestures wildly while chanting.
Eustachio blinks!
Eustachio hits you with a +0 rapier!
You slash Eustachio!
Eustachio is heavily wounded.
Your shield prevents you from hitting the quokka.
The quokka completely misses you. Eustachio hits you but does no damage.
The quokka bites you.
* * * LOW HITPOINT WARNING * * *
Eustachio hits you but does no damage.
You hit Eustachio.
Eustachio is heavily wounded.
You closely miss the quokka.
The quokka bites you but does no damage.
Eustachio hits you but does no damage. You block the quokka's attack.
You slash Eustachio!
Eustachio is almost dead.
You miss the quokka. Eustachio hits you but does no damage.
The quokka completely misses you. You block Eustachio's attack.
The quokka bites you but does no damage.
Your shield and chain mail prevent you from hitting Eustachio.
Eustachio is almost dead.
You hit the quokka. The quokka bites you.
* * * LOW HITPOINT WARNING * * *
Eustachio hits you but does no damage. You block the quokka's attack.
Eustachio gestures wildly while chanting.
Unknown command.
You closely miss Eustachio.
Eustachio is almost dead.
You miss the quokka. The quokka bites you.
* * * LOW HITPOINT WARNING * * *
Eustachio hits you with a +0 rapier.
You die...

#....# #.#### ##+#####
#.# #......# #.#
#.....@# #.#
#...5..####.#
#.[5rr5##...#
####b####.#.#########
####..#.....r@@5.....
#.......≈≈≈≈.≈≈≈≈≈..#
#.......≈≈≈≈.≈≈≈≈≈..#
#.......≈≈≈≈.≈≈≈≈≈..#
#.......≈≈≈≈.≈≈≈≈≈..#
#.......≈≈≈≈........#
$######........≈≈≈≈..#
.........≈≈≈≈≈.≈≈≈≈..#
#.######...≈≈≈≈≈.≈≈≈≈..#


You could see Eustachio, a shadow imp (summoned) and a quokka (summoned).

Vanquished Creatures
  A phantom (D:4)
  A hound skeleton (D:4)
  3 adders
  5 dart slugs
  An orc (D:3)
  5 ball pythons
  7 bats
  2 endoplasms
  4 giant cockroaches
  3 hobgoblins
  3 quokkas
  5 frilled lizards
  3 goblins (D:3)
  5 kobolds
  4 rats
52 creatures vanquished.

Notes
Turn   | Place    | Note
-------+----------+-------------------------------------------
     0 | D:1      | jiml777 the Gargoyle Fighter began the quest for the Orb.
     0 | D:1      | Reached XP level 1. HP: 14/14 MP: 1/1
   133 | D:1      | Found a faded altar of an unknown god.
   143 | D:1      | Reached XP level 2. HP: 16/19 MP: 2/2
   448 | D:1      | Found Wuchewn's Antique Weapon Shoppe.
   813 | D:2      | Reached XP level 3. HP: 22/23 MP: 3/3
  1587 | D:2      | Reached XP level 4. HP: 29/29 MP: 4/4
  2107 | D:3      | Found a basalt altar of Yredelemnul.
  2483 | D:4      | Noticed a phantom
  2514 | D:4      | Killed a phantom
  2515 | D:4      | Reached XP level 5. HP: 20/33 MP: 5/5
  2693 | D:4      | Noticed Eustachio
  2745 | D:4      | Slain by Eustachio

Illustrated notes

Levels and vault maps discovered:
D:1:      enne_arrival_octagon_isle, layout_rooms, serial_shops,
          nicolae_square_shop, hellmonk_ecumenical_altar_arch_garden
D:2:      layout_loops_corners
D:3:      layout_basic, mainiacjoe_overflow_catwalk, minmay_liquid_box,
          item_on_display_a
D:4:      layout_basic, mainiacjoe_overflow_surrounded_room,
          portal_sewer_entry_e, serial_shops, nicolae_shop_statue_plus,
          minivault_14, nicolae_shop_firing_range, uniq_blork_the_orc,
          uniq_eustachio

Skill      XL: |  1  2  3  4 |
---------------+-------------+-----
Axes           | 2 3 |  3.3
Shields        | 4 |  4.4
Armour         | 4 |  4.3
Fighting       | |  3.8
Dodging        | |  0.3
Stealth        | |  0.1
Evocations     | |  0.1

Action                   |  1- 3 |  4- 6 || total
-------------------------+-------+-------++-------
Melee: War axe           |   130 |   107 ||   237
Armor: Scale mail        |    76 |       ||    76
       Chain mail        |    11 |   107 ||   118
Dodge: Dodged            |    50 |    35 ||    85
Block: Kite shield       |    97 |    61 ||   158
